 Dungeon Crawl Stone Soup version 0.18-a0-1041-gbe91bf5 (console) character file.

2756440 minmay the Petrodigitator (level 27, 199/199 HPs)
             Began as a Deep Elf Earth Elementalist on Apr 18, 2016.
             Was the Champion of Vehumet.
             Escaped with the Orb
             ... and 5 runes!
             The game lasted 04:27:26 (97885 turns).

minmay the Petrodigitator (DEEE)                   Turns: 97885, Time: 04:27:26

Health: 199/199    AC: 20    Str: 11    XL:     27
Magic:  54/59      EV: 32    Int: 44    God:    Vehumet [******]
Gold:   8258       SH:  9    Dex: 20    Spells: 18 memorised, 8 levels left

rFire  + . .     SeeInvis .     a - staff of earth {WORLDS SEXIEST ELF 2015 RUNNER UP}
rCold  + + .     Gourm    +     T - +2 robe {Archmagi}
rNeg   + + .     Faith    .     w - +3 buckler {rC+}
rPois  +         Spirit   .     W - +1 hat of Jeklakan {rPois Int+4}
rElec  +         Dismiss  .     R - +2 cloak {MR+}
rCorr  .         Reflect  .     s - +2 pair of gloves {Str+3}
SustAt .         Harm     .     Y - +2 pair of boots "Acraruodd" {*Drain rPois rF+ Str+4}
MR     +++..                    e - amulet "Qurchob" {Gourm rN+ Str-4 Int+6}
Stlth  +.........               O - ring "Icrohergh" {rElec rC+ rN+ Str+3}
                                J - ring "Akoiku" {MP+9 Dex+6}

@: contaminated, hasted, glowing, deflect missiles, very quick, extremely
resistant to hostile enchantments, very unstealthy
A: rough black scales 1, yellow scales 2, blink, deformed body, deterioration 1,
low mp 1
a: Blink, Renounce Religion
0: Orb of Zot
}: 5/15 runes: decaying, serpentine, slimy, silver, golden


You escaped.
You worshipped Vehumet.
Vehumet was exalted by your worship.
You were full.

You visited 13 branches of the dungeon, and saw 64 of its levels.
You also visited: Labyrinth, Trove, Bailey and Wizlab.

You collected 10912 gold pieces.
You spent 2654 gold pieces at shops.

Inventory:

Hand Weapons
 c - the +11 morningstar "Kiodum" {drain, rPois MR+++ Str+5}
   (You found it in a labyrinth)

   A truly terrible weapon, it drains the life of those it strikes.
   It affects your strength (+5).
   It protects you from poison.
   It affects your resistance to hostile enchantments.
 i - the +9 Staff of Wucad Mu {channel}
   (You found it in a wizard's laboratory)
Missiles
 b - 1533 stones (quivered)
Armour
 s - a +2 pair of gloves of strength (worn)
   (You found it in a labyrinth)
 w - a +3 buckler of cold resistance (worn)
   (You took it off a tengu warrior on level 13 of the Dungeon)
 R - a +2 cloak of magic resistance (worn)
   (You took it off a draconian caller on level 5 of the Realm of Zot)
 T - a +2 robe of the Archmagi (worn)
   (You bought it in a shop on level 2 of the Orcish Mines)
 W - the +1 hat of Jeklakan (worn) {rPois Int+4}
   (You acquired it on level 6 of the Pits of Slime)

   It affects your intelligence (+4).
   It protects you from poison.
 Y - the +2 pair of boots "Acraruodd" (worn) {*Drain rPois rF+ Str+4}
   (You found it on level 14 of the Dungeon)

   It affects your strength (+4).
   It protects you from fire.
   It protects you from poison.
   It causes draining when unequipped.
Magical Staves
 a - an uncursed staff of earth (weapon) {WORLDS SEXIEST ELF 2015 RUNNER UP}
   (You found it in a labyrinth)
Rods
 C - a +4 rod of shadows (12/12) {!a}
   (You found it on level 3 of the Depths)
 Z - a +4 rod of shadows (10/10) {!a}
   (You found it on level 3 of the Elven Halls)
Jewellery
 e - the amulet "Qurchob" (around neck) {Gourm rN+ Str-4 Int+6}
   (You found it in a treasure trove)

   [amulet of the gourmand]

   It allows you to eat raw meat even when not hungry.
   It affects your strength (-4).
   It affects your intelligence (+6).
   It protects you from negative energy.
 l - the amulet of Rolosir {Gourm Slay+5 SInv}
   (You found it in a treasure trove)

   [amulet of the gourmand]

   It allows you to eat raw meat even when not hungry.
   It affects your accuracy and damage with ranged weapons and melee attacks
   (+5).
   It lets you see invisible.
 q - the ring "Xuyschota" {+Fly rPois rF+}
   (You took it off a vampire mage on level 2 of the Depths)

   [ring of flight]

   It protects you from fire.
   It protects you from poison.
   It lets you fly.
 t - the ring of the Ten Curses {rN+ AC+3 Dex+4 Slay+4}
   (You found it in a treasure trove)

   [ring of protection]

   It affects your AC (+3).
   It affects your dexterity (+4).
   It affects your accuracy and damage with ranged weapons and melee attacks
   (+4).
   It protects you from negative energy.
 x - an uncursed ring of wizardry
   (You took it off a guardian mummy on level 3 of the Tomb of the Ancients)
 J - the ring "Akoiku" (left hand) {MP+9 Dex+6}
   (You took it off a vampire mage on level 2 of the Depths)

   [ring of magical power]

   It affects your dexterity (+6).
   It affects your magic capacity (+9).
 N - an uncursed ring of resist corrosion
   (You found it on level 4 of the Swamp)
 O - the ring "Icrohergh" (right hand) {rElec rC+ rN+ Str+3}
   (You found it in a labyrinth)

   [ring of strength]

   It affects your strength (+3).
   It protects you from cold.
   It insulates you from electricity.
   It protects you from negative energy.
Wands
 k - a wand of digging (17/24)
   (You bought it in a shop on level 6 of the Dungeon)
 m - a wand of hasting (2/9)
   (You found it on level 2 of the Swamp)
 o - a wand of heal wounds (1/9)
   (You took it off a purple draconian on level 1 of the Realm of Zot)
 v - a wand of teleportation (4/9)
   (You acquired it on level 6 of the Lair of Beasts)
 E - a wand of disintegration (15/24)
   (You found it on level 8 of the Dungeon)
 I - a wand of heal wounds (5/9)
   (You acquired it on level 5 of the Lair of Beasts)
 K - a wand of teleportation (3/9)
   (You took it off a deep elf mage on level 2 of the Elven Halls)
 X - a wand of teleportation (4/9)
   (You found it on level 5 of the Vaults)
Scrolls
 f - 4 scrolls of holy word
 p - 7 scrolls of identify
 z - 26 scrolls of remove curse
 A - 28 scrolls of teleportation
 B - 17 scrolls of magic mapping
 F - 7 scrolls of recharging
 P - a scroll of fear
 S - 8 scrolls of blinking
 U - 10 scrolls of fog
Potions
 g - 8 potions of brilliance
 h - 10 potions of haste
 n - 3 potions of magic
 r - 27 potions of curing
 D - a potion of berserk rage
 G - 10 potions of agility
 Q - 8 potions of cancellation
 V - 6 potions of resistance
Miscellaneous
 j - 2 phantom mirrors
Comestibles
 d - 3 slices of pizza
 u - 33 bread rations
 H - 13 royal jellies
 L - 42 fruits
 M - 39 meat rations


   Skills:
 O Level 27 Fighting
 - Level 12.0 Staves
 - Level 21.5 Dodging
 - Level 2.4 Stealth
 - Level 4.0 Shields
 O Level 27 Spellcasting
 + Level 24.3 Conjurations
 - Level 11.0 Charms
 - Level 1.1 Transmutations
 O Level 27 Earth Magic
 - Level 7.0 Evocations


You had 8 spell levels left.
You knew the following spells:

 Your Spells              Type           Power        Failure   Level  Hunger
a - Sandblast             Erth           ######       0%          1    None
d - Iskenderun's Mystic   Conj           ########     0%          4    None
e - Blink                 Tloc           N/A          1%          2    None
i - Deflect Missiles      Chrm/Air       #######...   4%          6    None
j - Iron Shot             Conj/Erth      #########.   0%          6    None
k - Swiftness             Chrm/Air       #######.     1%          2    None
l - Lee's Rapid Deconstr  Erth           #########.   0%          5    None
o - Stoneskin             Trmt/Erth      ########     0%          2    None
t - Apportation           Tloc           ######....   1%          1    None
x - Regeneration          Chrm/Necr      ########..   1%          3    None
E - Summon Butterflies    Summ           ######..     1%          1    None
G - Freezing Cloud        Conj/Ice/Air   #######...   1%          6    None
H - Statue Form           Trmt/Erth      #########    1%          6    None
J - Lehudib's Crystal Sp  Conj/Erth      #########.   1%          8    None
K - Haste                 Chrm           ########     1%          6    None
Q - Cure Poison           Pois           ######....   1%          2    None
S - Sublimation of Blood  Necr           ######....   1%          2    None
T - Shatter               Erth           #########.   1%          9    None


Dungeon Overview and Level Annotations

Branches:
Dungeon (15/15)            Temple (1/1) D:4            Lair (8/8) D:11
  Swamp (4/4) Lair:3        Snake (4/4) Lair:4        Slime (6/6) Lair:7
    Orc (2/2) D:11            Elf (3/3) Orc:2        Vaults (5/5) D:13
  Crypt (3/3) Vaults:3       Tomb (3/3) Crypt:3      Depths (5/5) D:15
    Zot (5/5) Depths:5

Altars:
Ashenzari
Cheibriados
Dithmenos
Elyvilon
Kikubaaqudgha
Makhleb
Nemelex Xobeh
Okawaru
Pakellas
Qazlal
Ru
Sif Muna
Trog
Vehumet
Xom
Yredelemnul
Zin
The Shining One
Beogh
Jiyva

Shops:
D:4 ?   D:6 }   D:10 ?   D:12 !   D:13 *   D:14 :   Orc:2 *[(:   Snake:2 !
Snake:3 [   Vaults:3 }

Portals:
Hell: Depths:1 Depths:2 Depths:3 Depths:4 Depths:5
Abyss: Depths:4
Pandemonium: Depths:1 Depths:3 Depths:5
Ziggurat: Depths:4


Innate Abilities, Weirdness & Mutations

You are partially covered in rough black scales (AC +4, Dex -1).
You are mostly covered in yellow scales (AC +3).
You can translocate small distances at will.
Armour fits poorly on your strangely shaped body.
Your body sometimes deteriorates upon taking damage.
Your magical capacity is low (-10% MP).


Message History

(V) Vaults (C) Crypt (W) Tomb (U) Depths (H) Hell (Z) Zot
Where to? (Enter - D:1, ? - help)
Things that are here:
a leather armour; a short sword Your body shudders with the violent release of wild energies!
You feel less energetic.
You feel less contaminated with magical energies.
Things that are here:
a robe; a dagger You see here a short sword.
There is a stone staircase leading up, spattered with blood here.
You climb upwards.
Magic restored.
There is a stone staircase leading down here.
A hellwing comes into view.
Cast which spell? (? or * to list)
Aiming: Haste
Press: ? - help, Shift-Dir - straight line, f - you You feel a surge of power!
You feel yourself speed up.
You are contaminated with residual magic.
A giant gecko comes into view.
Cast which spell? (? or * to list)
Aiming: Iron Shot
Press: ? - help, Shift-Dir - straight line, f - hellwing
Aim: a hellwing (corpse armoured)
You feel a strong surge of power!
The iron shot hits the hellwing.
You kill the hellwing!
Vehumet accepts your kill.
You feel your power returning.
Cast which spell? (? or * to list)
Aiming: Iron Shot
Press: ? - help, Shift-Dir - straight line, f - giant gecko
Aim: a giant gecko (clinging)
You feel a strong surge of power!
The iron shot hits the giant gecko.
You kill the giant gecko!
Vehumet accepts your kill.
There are no items here.
Unknown command.
You see here a giant gecko corpse.
You butcher the giant gecko corpse.
y - a chunk of flesh You see here a giant gecko skeleton.
Eat a chunk of flesh? (ye/n/q/i?) This raw flesh tastes great.
You continue eating. x2
(D) Dungeon (T) Temple (L) Lair (S) Swamp (P) Snake Pit (M) Slime Pits (O) Orcish Mines (E) Elven Halls (V) Vaults (C) Crypt (W) Tomb (U) Depths (H) Hell (Z) Zot
Where to? (Enter - D:1, ? - help)
There is a stone staircase leading up here.
You climb upwards.
There is a stone staircase leading down here.
There is a stone staircase leading up here.
You climb upwards.
There is a stone staircase leading down here.
(D) Dungeon (T) Temple (L) Lair (S) Swamp (P) Snake Pit (M) Slime Pits (O) Orcish Mines (E) Elven Halls (V) Vaults (C) Crypt (W) Tomb (U) Depths (H) Hell (Z) Zot
Where to? (Enter - D:1, ? - help) You're already here!
There is a staircase leading out of the dungeon here.
You have escaped!

##.....## ###.....##......
##...## #.######...... ##'## #.#
##..... #.# #.# ##.... # #.#
####.# #.... # ###.##### #....#
###.# #
####.......####.##.##########.# #
#.....####.##...........#>.....
###.....# #.##.@...........###.#
........# #.....#######....# #..
##......# #.##..##...##..#.# ###
##......####.##..#.###.'..#.#
##.###.....>.##..#.#}#.#....#####
##.# ##..######..#.##'.#.........
##.####..# #..##...##..#######
#.......# #..#######..# #######.#
#...........#


There were no monsters in sight!

Vanquished Creatures
  Dissolution (Slime:4)
  the Royal Jelly (Slime:6)
  9 ancient liches
  4 orbs of fire (Zot:5)
  Mara (Swamp:4)
  Mennas (Tomb:1)
  A juggernaut (Depths:5)
  Boris (twice) (Crypt:3 Depths:3)
  25 greater mummies
  An iron giant (Depths:4)
  Sojobo (Depths:3)
  3 Killer Klowns (Zot:5)
  2 curse toes
  10 golden dragons
  2 bone dragons
  14 liches
  6 electric golems
  Jorgrun (Swamp:4)
  Rupert (D:12)
  20 tentacled monstrosities
  Asterion (Depths:1)
  2 deep elf master archers (Elf:3)
  26 Orb Guardians
  10 titans
  13 sphinxes
  29 acid blobs
  13 death cobs
  11 shadow dragons
  2 thorn hunters (Swamp:4)
  25 storm dragons
  6 tengu reavers
  7 ancient champions
  Roxanne (Swamp:2)
  6 draconian monks
  6 revenants
  14 azure jellies
  12 greater nagas
  Wiglaf (Elf:2)
  4 ghost moths (Zot:5)
  8 fire giants
  6 draconian knights
  Maud (D:13)
  20 vault wardens
  11 deep elf sorcerers
  11 draconian scorchers
  2 orc warlords
  17 frost giants
  A curse skull (Depths:3)
  2 balrugs
  8 draconian zealots
  5 deep elf elementalists
  2 ghouls (Crypt:2)
  11 draconian shifters
  A reaper (Crypt:3)
  14 very ugly things
  7 draconian annihilators
  7 war gargoyles
  30 stone giants
  An orange crystal statue (WizLab)
  21 ironheart preservers
  A spriggan defender (Depths:2)
  An apis (shapeshifter) (Vaults:5)
  Nessos (D:13)
  5 draconian callers
  12 green draconians
  A salamander stormcaller (Vaults:5)
  9 vampire knights
  9 black draconians
  8 deep elf demonologists
  11 deep elf annihilators
  4 bennus
  8 red draconians
  7 spark wasps
  8 purple draconians
  8 white draconians
  7 mottled draconians
  7 yellow draconians
  2 eidola (Crypt:2)
  26 fire dragons
  10 deep elf death magi
  A minotaur (Lab)
  14 ettins
  16 death oozes
  3 crystal guardians (Crypt:3)
  36 vault guards
  A fire dragon (shapeshifter) (Vaults:3)
  3 jiangshi (Crypt:2)
  19 great orbs of eyes
  20 mummy priests
  5 deep elf high priests
  17 yaktaur captains
  Harold (Lair:2)
  10 entropy weavers
  15 naga warriors
  A quicksilver dragon skeleton (Tomb:1)
  A ghost crab (Swamp:1)
  7 rakshasas
  Fannar (Orc:1)
  18 ice dragons
  28 hydras
  A hell beast (D:6)
  Erolcha (D:8)
  6 spriggan air magi
  14 centaur warriors
  2 merfolk aquamancers (Depths:3)
  2 catoblepae
  7 alligators
  14 anacondas
  14 deep troll shamans
  2 death knights
  22 ogre magi
  5 tengu warriors
  36 dancing weapons
  10 death yaks
  3 orc high priests
  3 spriggan berserkers
  10 vampire magi
  9 deep troll earth magi
  31 deep elf knights
  Nergalle (Lair:1)
  16 naga sharpshooters
  7 shock serpents
  2 sun demons (Depths:1)
  7 soul eaters
  8 hell knights
  15 death scarabs
  6 iron trolls
  A storm dragon zombie (Crypt:2)
  2 shadow wraiths (Vaults:4)
  A death drake (shapeshifter) (Depths:2)
  10 sea snakes (Snake:4)
  4 salamander mystics
  40 skeletal warriors
  4 fire crabs
  4 golden dragon zombies
  A sea snake (shapeshifter) (Depths:3)
  3 flayed ghosts
  A gelid demonspawn (Depths:5)
  13 swamp dragons
  A spark wasp zombie (D:15)
  4 unseen horrors
  5 shambling mangroves
  2 anaconda zombies
  29 deep trolls
  5 giant orange brains
  3 spriggan druids
  4 naga ritualists
  3 golden dragon skeletons
  16 phantasmal warriors
  13 hill giants
  6 wizards
  13 necromancers
  21 ironbrand convokers
  16 orc knights
  9 harpies
  2 shadow dragon skeletons
  2 wolf spider zombies
  19 deep elf archers
  25 anubis guards
  11 cyclopes
  An orb spider (shapeshifter) (Vaults:3)
  A mana viper (shapeshifter) (Vaults:2)
  A manticore (shapeshifter) (Vaults:5)
  84 deep elf magi
  2 stone giant zombies
  38 ugly things
  7 griffons
  A hornet (shapeshifter) (Depths:2)
  5 orc sorcerers
  5 oklob plants (Lair:7)
  17 salamanders
  A griffon (shapeshifter) (Vaults:4)
  6 wolf spiders
  7 hornets
  6 mana vipers
  A frost giant zombie (Vaults:3)
  4 manticores
  2 fire giant zombies
  A sixfirhy (Depths:5)
  7 shining eyes
  2 iron dragon skeletons (Tomb:3)
  25 moths of wrath
  A guardian serpent (shapeshifter) (Depths:1)
  A salamander (shapeshifter) (Vaults:4)
  36 elephants
  5 fire giant skeletons
  21 naga magi
  A stone giant skeleton (Vaults:3)
  15 vault sentinels
  48 black mambas
  3 rust devils
  2 smoke demons
  3 eyes of devastation
  22 spiny frogs
  10 guardian serpents
  6 gargoyles
  An emperor scorpion zombie (Crypt:2)
  A sea snake zombie (Crypt:2)
  A storm dragon simulacrum (Crypt:3)
  5 kobold demonologists
  70 yaktaurs
  An efreet (D:13)
  A purple draconian zombie (Crypt:1)
  2 komodo dragons (shapeshifter) (Depths:4)
  A fire drake (shapeshifter) (Depths:2)
  A hellwing (D:3)
  10 komodo dragons
  3 fire drakes
  An ice devil (Depths:5)
  36 guardian mummies
  2 minotaur zombies (Lab)
  A mottled draconian skeleton (Crypt:2)
  A harpy zombie (Tomb:1)
  A ghost moth simulacrum (Crypt:3)
  A tengu conjurer (Elf:1)
  6 freezing wraiths
  2 queen bees (shapeshifter)
  A queen bee (Lair:8)
  2 red devils
  A silent spectre (Depths:3)
  2 polar bears (Lair:8)
  13 trolls
  24 two-headed ogres
  9 giant leeches
  9 boulder beetles
  2 hydra skeletons (Crypt:3)
  26 blink frogs
  An ice dragon zombie (Crypt:2)
  A fire giant simulacrum (Crypt:3)
  12 bog bodies
  A blink frog (shapeshifter) (Vaults:3)
  A snapping turtle (shapeshifter) (Depths:2)
  A stone giant simulacrum (Vaults:2)
  208 slime creatures
  2 ettin zombies
  A hornet zombie (Crypt:1)
  29 ushabtiu
  12 redbacks
  10 air elementals
  60 flying skulls
  A satyr skeleton (Crypt:1)
  An ice dragon skeleton (Crypt:3)
  7 spriggans
  A ynoxinul (Zot:2)
  7 shadows
  4 wyverns
  3 spriggan skeletons
  An ettin skeleton (Tomb:1)
  11 wraiths
  51 yaks
  A dire elephant simulacrum (Crypt:1)
  Eustachio (D:6)
  5 water elementals
  A tarantella (Depths:1)
  2 humans
  A hog (shapeshifter) (Depths:2)
  6 fire elementals
  A human (shapeshifter) (Depths:1)
  4 basilisks
  3 elf zombies
  20 golden eyes
  4 wargs
  8 hippogriffs
  4 hungry ghosts
  15 vampire mosquitoes
  30 wolves
  17 swamp worms
  A tengu zombie (Depths:1)
  A warg (shapeshifter) (Depths:4)
  5 mottled dragons
  66 nagas
  22 insubstantial wisps
  20 water moccasins
  Duvessa (D:7)
  A water nymph zombie (Crypt:1)
  A porcupine (shapeshifter) (Vaults:4)
  A hell hound (shapeshifter) (Depths:3)
  15 porcupines
  A swamp drake (shapeshifter) (Vaults:4)
  46 orc warriors
  A deep troll skeleton (Vaults:3)
  A hornet simulacrum (D:15)
  3 ice beasts
  6 sky beasts
  9 eyes of draining
  A swamp dragon zombie (Crypt:2)
  12 swamp drakes
  6 black bears
  16 wasps
  10 necrophages
  3 phantoms
  9 boggarts
  2 eyes of draining (shapeshifter)
  A swamp dragon skeleton (Crypt:3)
  A torpor snail zombie (Crypt:1)
  64 ogres
  26 centaurs
  A lindwurm skeleton (Crypt:2)
  2 snapping turtle skeletons
  17 crocodiles
  5 big kobolds
  Blork the orc (Orc:2)
  22 giant frogs
  2 gnoll sergeants
  A water moccasin zombie (D:6)
  5 earth elementals
  A glowing shapeshifter simulacrum (Vaults:2)
  Dowan (D:7)
  A deep troll simulacrum (Vaults:5)
  5 scorpions
  A human simulacrum (Vaults:3)
  29 killer bees
  A swamp dragon simulacrum (Crypt:2)
  A troll skeleton (Crypt:2)
  26 wights
  A yak skeleton (Crypt:2)
  6 crimson imps
  4 centaur zombies
  5 giant frog zombies
  9 hounds
  33 jellies
  6 centaur skeletons
  Crazy Yiuf (D:2)
  26 orc priests
  32 orc wizards
  2 giant frog skeletons
  9 iguanas
  9 worker ants
  49 sheep
  A hound zombie (D:7)
  A mottled dragon skeleton (Crypt:1)
  49 mummies
  2 worker ant zombies
  22 gnolls
  115 river rats
  14 adders
  7 shadow imps
  A white imp (D:11)
  A giant eyeball (Elf:2)
  An adder zombie (D:5)
  A worm zombie (Crypt:2)
  A lava snake skeleton (Crypt:1)
  6 worms
  6 giant geckos
  108 orcs
  6 ball pythons
  5 bats
  8 giant cockroaches
  31 goblins
  28 hobgoblins
  9 jackals
  18 kobolds
  4 quokkas
  A giant cockroach zombie (D:5)
  2 giant newts
  2 jackal skeletons
  An orc zombie (Crypt:1)
  4 rats
  14 fungi
  8 lost souls
  34 plants
3751 creatures vanquished.

Vanquished Creatures (others)
  A lich (Tomb:2)
  A draconian knight (Zot:5)
  A titan skeleton (Tomb:2)
  An air elemental (D:10)
  An ettin skeleton (Tomb:2)
  A mummy (Tomb:2)
  3 bushes (Lair:6)
  75 fungi
  2 lost souls
  5 plants
  29 withered plants
120 creatures vanquished.

Grand Total: 3871 creatures vanquished

Notes
Turn   | Place    | Note
--------------------------------------------------------------
     0 | D:1      | minmay the Deep Elf Earth Elementalist began the quest for the Orb.
     0 | D:1      | Reached XP level 1. HP: 10/10 MP: 6/6
   249 | D:1      | Reached skill level 4 in Earth Magic
   249 | D:1      | Reached XP level 2. HP: 15/15 MP: 6/8
   337 | D:1      | Learned a level 2 spell: Stoneskin
  1287 | D:2      | Reached XP level 3. HP: 19/19 MP: 6/9
  1498 | D:2      | Learned a level 3 spell: Stone Arrow
  1513 | D:2      | Reached skill level 5 in Earth Magic
  1707 | D:2      | Reached XP level 4. HP: 24/24 MP: 8/11
  1745 | D:2      | Found a shimmering altar of Xom.
  1944 | D:2      | Reached skill level 4 in Spellcasting
  2649 | D:2      | Learned a level 3 spell: Passwall
  2818 | D:3      | Found a stormy altar of Qazlal.
  3471 | D:4      | Found Dugurr's Magic Scroll Shoppe.
  3474 | D:4      | Reached skill level 6 in Earth Magic
  3474 | D:4      | Reached XP level 5. HP: 28/28 MP: 6/13
  3534 | D:4      | Bought a scroll of random uselessness for 14 gold pieces
  3534 | D:4      | Bought a scroll of remove curse for 42 gold pieces
  3534 | D:4      | Bought a scroll of teleportation for 42 gold pieces
  3534 | D:4      | Bought a scroll of noise for 14 gold pieces
  3534 | D:4      | Bought a scroll of identify for 28 gold pieces
  4064 | D:4      | Found a sparkling altar of Nemelex Xobeh.
  4143 | D:4      | Reached skill level 7 in Earth Magic
  4143 | D:4      | Reached XP level 6. HP: 32/32 MP: 7/14
  4404 | D:3      | Found an oddly glowing altar of Pakellas.
  4553 | D:2      | Noticed Crazy Yiuf
  4566 | D:2      | Killed Crazy Yiuf
  4654 | D:4      | Found a staircase to the Ecumenical Temple.
  4663 | Temple   | Entered the Ecumenical Temple
  4746 | Temple   | Became a worshipper of Vehumet
  4861 | D:4      | Reached skill level 8 in Earth Magic
  5138 | D:4      | Reached skill level 5 in Spellcasting
  5183 | D:4      | Reached XP level 7. HP: 30/36 MP: 9/17
  5191 | D:4      | Learned a level 5 spell: Lee's Rapid Deconstruction
  5440 | D:5      | Entered Level 5 of the Dungeon
  5484 | D:5      | Reached skill level 6 in Spellcasting
  5589 | D:4      | Learned a level 4 spell: Petrify
  5715 | D:4      | Reached skill level 7 in Spellcasting
  5850 | D:5      | Found a shadowy altar of Dithmenos.
  6210 | D:5      | Reached * piety under Vehumet
  6210 | D:5      | Offered knowledge of Sting by Vehumet.
  6422 | D:5      | Reached skill level 8 in Spellcasting
  6604 | D:6      | Reached XP level 8. HP: 41/41 MP: 6/22
  6772 | D:6      | Found Nynec's Gadget Emporium.
  6786 | D:6      | Bought a wand of digging (5/24) for 198 gold pieces
  6925 | D:6      | Noticed Eustachio
  6950 | D:6      | Killed Eustachio
  6950 | D:6      | Reached skill level 9 in Earth Magic
  7400 | D:7      | Found a stormy altar of Qazlal.
  7413 | D:7      | Reached skill level 10 in Earth Magic
  7551 | D:7      | Reached ** piety under Vehumet
  7561 | D:7      | Offered knowledge of Throw Frost by Vehumet.
  7694 | D:6      | Reached skill level 11 in Earth Magic
  7805 | D:7      | Learned a level 2 spell: Sublimation of Blood
  7966 | D:7      | Learned a level 2 spell: Corpse Rot
  8085 | D:7      | You fall through a shaft for 2 floors!
  8127 | D:9      | Reached XP level 9. HP: 40/45 MP: 6/23
  8173 | D:9      | Gained mutation: Your flesh is heat resistant. [mutagenic meat]
  8224 | D:8      | Found a runed door.
  8228 | D:8      | Found a basalt altar of Yredelemnul.
  8236 | D:8      | Reached skill level 12 in Earth Magic
  8340 | D:8      | Offered knowledge of Searing Ray by Vehumet.
  8358 | D:8      | Noticed Erolcha
  8390 | D:8      | Reached skill level 13 in Earth Magic
  8491 | D:8      | Found a flagged portal.
  8498 | D:8      | Reached *** piety under Vehumet
  8508 | D:8      | Reached skill level 9 in Spellcasting
  8524 | D:8      | Reached skill level 10 in Spellcasting
  8590 | Bailey   | Entered a bailey
  8600 | Bailey   | Learned a level 2 spell: Searing Ray
  8679 | Bailey   | Reached skill level 3 in Dodging
  8782 | Bailey   | Offered knowledge of Iskenderun's Mystic Blast by Vehumet.
  8798 | Bailey   | Learned a level 4 spell: Iskenderun's Mystic Blast
  8911 | Bailey   | Noticed an orc knight
  9035 | Bailey   | Reached skill level 4 in Dodging
  9041 | Bailey   | Reached **** piety under Vehumet
  9041 | Bailey   | Reached XP level 10. HP: 50/50 MP: 7/26
  9170 | Bailey   | Reached skill level 5 in Dodging
  9234 | Bailey   | Offered knowledge of Sticky Flame by Vehumet.
  9407 | Bailey   | Noticed an orc knight
  9421 | Bailey   | Killed an orc knight
  9421 | Bailey   | Reached skill level 11 in Spellcasting
  9423 | Bailey   | Noticed an orc warlord
  9425 | Bailey   | oh
  9621 | Bailey   | Killed an orc knight
  9621 | Bailey   | Reached skill level 12 in Spellcasting
  9771 | Bailey   | Killed an orc warlord
  9771 | Bailey   | Reached skill level 13 in Spellcasting
  9781 | Bailey   | Learned a level 4 spell: Sticky Flame
  9827 | Bailey   | Identified the Papyrus of Kismet (You found it in a bailey)
  9832 | Bailey   | Learned a level 3 spell: Regeneration
 10581 | D:8      | Reached skill level 14 in Spellcasting
 10694 | D:4      | Bought a scroll of holy word for 105 gold pieces
 10694 | D:4      | Bought 2 scrolls of magic mapping for 98 gold pieces
 10694 | D:4      | Bought a scroll of identify for 28 gold pieces
 10711 | D:4      | Bought a scroll of identify for 28 gold pieces
 10711 | D:4      | Bought a scroll of identify for 28 gold pieces
 10863 | D:7      | Noticed Duvessa
 10864 | D:7      | Killed Duvessa
 10867 | D:7      | Noticed Dowan
 10879 | D:7      | Killed Dowan
 11409 | D:9      | Reached XP level 11. HP: 54/54 MP: 31/31
 11435 | D:9      | Reached ***** piety under Vehumet
 11495 | D:9      | Offered knowledge of Iron Shot by Vehumet.
 11528 | D:9      | Learned a level 6 spell: Iron Shot
 11627 | D:9      | Noticed a hill giant
 11630 | D:9      | Killed a hill giant
 11807 | D:9      | Found a snail-covered altar of Cheibriados.
 12215 | D:8      | Killed Erolcha
 12255 | D:10     | Entered Level 10 of the Dungeon
 12259 | D:10     | Noticed a hill giant
 12263 | D:10     | Killed a hill giant
 12263 | D:10     | Reached skill level 14 in Earth Magic
 12342 | D:10     | Found Atimniqo's Magic Scroll Boutique.
 12350 | D:10     | Bought a scroll of identify for 22 gold pieces
 12350 | D:10     | Bought a scroll of fog for 22 gold pieces
 12355 | D:10     | Reached skill level 15 in Spellcasting
 12355 | D:10     | Reached skill level 15 in Earth Magic
 12355 | D:10     | Reached XP level 12. HP: 59/59 MP: 33/33
 12451 | D:10     | Reached skill level 16 in Earth Magic
 12710 | D:10     | Reached skill level 16 in Spellcasting
 12832 | D:10     | Found a large runed door.
 12832 | D:10     | Found a large runed door.
 13184 | D:11     | Found a staircase to the Lair.
 13267 | D:11     | Noticed a four-headed hydra
 13275 | D:11     | Killed a four-headed hydra
 13275 | D:11     | Offered knowledge of Bolt of Cold by Vehumet.
 13812 | D:11     | Found a staircase to the Orcish Mines.
 13884 | D:11     | Reached skill level 17 in Earth Magic
 14166 | Lair:1   | Entered Level 1 of the Lair of Beasts
 14483 | Lair:1   | Reached XP level 13. HP: 58/63 MP: 11/35
 14653 | Lair:1   | Noticed Nergalle
 14940 | Lair:1   | Killed Nergalle
 15170 | Lair:2   | Reached skill level 18 in Earth Magic
 15179 | Lair:1   | Reached skill level 1 in Conjurations
 15434 | Lair:2   | Reached skill level 2 in Conjurations
 15683 | Lair:2   | Reached skill level 3 in Conjurations
 15846 | Lair:2   | Noticed Harold
 15969 | Lair:2   | Killed Harold
 15969 | Lair:2   | Reached skill level 4 in Conjurations
 16188 | Lair:2   | Reached skill level 5 in Conjurations
 16394 | Lair:3   | Found a staircase to the Swamp.
 16472 | Lair:3   | Got a brightly glowing ring mail
 16492 | Lair:2   | Identified the cursed +0 ring mail of Divine Intervention {rN+++ Str+3 Stlth-} (You found it on level 3 of the Lair of Beasts)
 16667 | Lair:3   | Identified Irghehoda's Grimoire of Moulding
 16936 | Lair:3   | Reached skill level 6 in Conjurations
 17217 | Lair:4   | Reached skill level 7 in Conjurations
 17295 | Lair:4   | Reached skill level 1 in Fighting
 17382 | Lair:4   | Found a staircase to the Snake Pit.
 17387 | Lair:4   | Reached skill level 2 in Fighting
 17400 | Lair:4   | Reached skill level 3 in Fighting
 17588 | Lair:4   | Reached skill level 4 in Fighting
 17883 | Lair:4   | Reached skill level 5 in Fighting
 18542 | Lair:5   | Reached skill level 6 in Fighting
 18714 | Lair:5   | Offered knowledge of Iskenderun's Battlesphere by Vehumet.
 18724 | Lair:5   | Learned a level 5 spell: Iskenderun's Battlesphere
 18757 | Lair:5   | Identified a scroll of acquirement
 19204 | Lair:5   | Reached skill level 7 in Fighting
 19590 | Lair:6   | Reached XP level 14. HP: 48/82 MP: 31/36
 19683 | Lair:6   | Got a scorched dagger
 19684 | Lair:6   | Identified the +7 dagger of Gunlimai {venom, Int-5 Dex+6} (You found it on level 6 of the Lair of Beasts)
 19792 | Lair:6   | Found a labyrinth entrance.
 19811 | Lair:6   | Reached ****** piety under Vehumet
 19824 | Lab      | Entered a labyrinth
 19999 | Lab      | Got a translucent lapis lazuli ring
 19999 | Lab      | Got a translucent morningstar
 19999 | Lab      | Identified the Guide on Toxic Transformation
 19999 | Lab      | Got a shimmering bronze ring
 20125 | Lab      | Reached skill level 8 in Fighting
 20145 | Lab      | Identified the +11 morningstar "Kiodum" {drain, rPois MR+++ Str+5} (You found it in a labyrinth)
 20147 | Lab      | Identified a +7 rod of clouds (11/11) {!a} (You found it in a labyrinth)
 20148 | Lab      | Identified a +4 rod of inaccuracy (10/10) {!a} (You found it in a labyrinth)
 20158 | Lab      | Identified the ring of Jiheedgh {+/*Tele rElec SInv} (You found it in a labyrinth)
 20160 | Lab      | Identified the ring "Icrohergh" {rElec rC+ rN+ Str+3} (You found it in a labyrinth)
 20735 | Lair:6   | Reached skill level 9 in Fighting
 21143 | Lair:6   | Reached skill level 6 in Dodging
 21154 | Lair:6   | Reached skill level 7 in Dodging
 21612 | Lair:6   | Offered knowledge of Ozocubu's Refrigeration by Vehumet.
 21758 | Lair:6   | Reached skill level 8 in Dodging
 21861 | Lair:7   | Reached skill level 9 in Dodging
 22713 | Lair:7   | Found a staircase to the Slime Pits.
 22746 | Lair:7   | Reached skill level 10 in Dodging
 23707 | Lair:8   | Entered Level 8 of the Lair of Beasts
 23779 | Lair:7   | Offered knowledge of Delayed Fireball by Vehumet.
 24767 | Lair:8   | Reached XP level 15. HP: 90/90 MP: 18/37
 24965 | Lair:8   | Reached skill level 19 in Earth Magic
 25176 | Lair:8   | Got a faintly glowing rapier
 25177 | Lair:8   | Identified the cursed +2 rapier of Okawaru's Generosity {pierce, rElec Int-3 Stlth+} (You found it on level 8 of the Lair of Beasts)
 25765 | Lair:8   | Reached skill level 17 in Spellcasting
 26345 | Lair:8   | Offered knowledge of Conjure Ball Lightning by Vehumet.
 27073 | Lair:8   | Reached skill level 18 in Spellcasting
 27520 | D:12     | Reached skill level 11 in Dodging
 27533 | D:12     | Noticed Rupert
 27960 | D:12     | Noticed a frost giant
 27963 | D:12     | Killed a frost giant
 28172 | D:12     | Reached skill level 12 in Dodging
 28286 | D:12     | Offered knowledge of Poison Arrow by Vehumet.
 28402 | D:12     | Killed Rupert
 28550 | D:12     | Found Votyixu's Distillery.
 28554 | D:12     | Bought a potion of ambrosia for 128 gold pieces
 28554 | D:12     | Bought a potion of degeneration for 16 gold pieces
 28692 | D:12     | You fall through a shaft for 3 floors!
 28692 | D:15     | Entered Level 15 of the Dungeon
 28731 | D:14     | Reached skill level 13 in Dodging
 29615 | D:13     | Found a gate to the Vaults.
 29627 | D:13     | Found Panworch's Assorted Antiques.
 29707 | D:13     | Identified a +0 rod of ignition (14/14) {!a} (You took it off an orc priest on level 13 of the Dungeon)
 29735 | D:13     | Noticed Nessos
 29743 | D:13     | Killed Nessos
 29743 | D:13     | Reached skill level 1 in Shields
 29743 | D:13     | Reached XP level 16. HP: 96/96 MP: 21/40
 29894 | D:12     | Reached skill level 2 in Shields
 30246 | D:12     | Reached skill level 3 in Shields
 30654 | D:13     | Noticed Maud
 30657 | D:13     | Killed Maud
 30783 | D:13     | Reached skill level 4 in Shields
 31041 | D:14     | Offered knowledge of Lehudib's Crystal Spear by Vehumet.
 31041 | D:14     | Offered knowledge of Glaciate by Vehumet.
 31041 | D:14     | Offered knowledge of Shatter by Vehumet.
 31145 | D:14     | Reached skill level 10 in Fighting
 31342 | D:14     | Found a white marble altar of Elyvilon.
 31475 | D:14     | Found Banas's Book Shoppe.
 31813 | D:14     | Reached skill level 14 in Dodging
 31862 | D:14     | Got a pair of scorched boots
 31873 | D:14     | Identified the +2 pair of boots "Acraruodd" {*Drain rPois rF+ Str+4} (You found it on level 14 of the Dungeon)
 32407 | D:15     | Learned a level 2 spell: Cure Poison
 32416 | D:15     | Learned a level 8 spell: Lehudib's Crystal Spear
 32956 | D:15     | Found a staircase to the Depths.
 33350 | D:13     | Bought a glass ring for 200 gold pieces
 33378 | D:14     | Bought a book of Minor Magic for 320 gold pieces
 33443 | Orc:1    | Entered Level 1 of the Orcish Mines
 33446 | Orc:1    | Reached skill level 15 in Dodging
 33726 | Orc:1    | Found a roughly hewn altar of Beogh.
 33780 | Orc:1    | Noticed Fannar
 33792 | Orc:1    | Killed Fannar
 34341 | Orc:2    | Entered Level 2 of the Orcish Mines
 34807 | Orc:2    | Noticed Blork the orc
 35098 | Orc:2    | Found a staircase to the Elven Halls.
 35278 | Orc:2    | Killed Blork the orc
 35279 | Orc:2    | Reached skill level 16 in Dodging
 35534 | Orc:2    | Found a roughly hewn altar of Beogh.
 35584 | Orc:2    | Found Uclat's Book Shoppe.
 35605 | Orc:2    | Found Taax's Antique Armour Shoppe.
 35660 | Orc:2    | Found Ywuos's Antique Weapon Shoppe.
 36123 | Orc:2    | Found Lixej's General Store.
 36470 | Orc:2    | Bought a runed robe for 18 gold pieces
 36470 | Orc:2    | Bought a pair of runed gloves for 117 gold pieces
 36856 | Snake:1  | Entered Level 1 of the Snake Pit
 37521 | Snake:1  | Reached XP level 17. HP: 99/103 MP: 31/41
 38210 | Snake:2  | Reached skill level 20 in Earth Magic
 39169 | Snake:2  | Found Liru's Distillery.
 39189 | Snake:2  | Bought a potion of brilliance for 68 gold pieces
 39204 | Snake:2  | Learned a level 2 spell: Repel Missiles
 39333 | Snake:2  | Learned a level 1 spell: Apportation
 39833 | Snake:3  | Reached skill level 21 in Earth Magic
 40271 | Snake:3  | Found a shimmering altar of Xom.
 40898 | Snake:3  | Found Enwuor's Armour Emporium.
 40930 | Snake:3  | Bought a +2 helmet for 181 gold pieces
 40963 | Snake:4  | Entered Level 4 of the Snake Pit
 41061 | Snake:4  | Reached skill level 19 in Spellcasting
 41254 | Snake:4  | Got a bloodstained falchion {flame}
 41261 | Snake:4  | Identified the +7 falchion of Tender Mercy {flame, rElec rC- SInv Stlth+} (You took it off a naga mage on level 4 of the Snake Pit)
 41296 | Snake:4  | Found a shimmering altar of Xom.
 41796 | Snake:4  | oh right
 41801 | Snake:4  | Reached skill level 20 in Spellcasting
 41810 | Snake:4  | Reached XP level 18. HP: 106/108 MP: 11/44
 42531 | Snake:4  | Learned a level 2 spell: Blink
 42709 | Snake:4  | Reached skill level 22 in Earth Magic
 43234 | Snake:4  | Got a serpentine rune of Zot
 44093 | Snake:2  | Found Liru's Distillery.
 44263 | Snake:3  | Found a shimmering altar of Xom.
 44433 | Snake:3  | Found Enwuor's Armour Emporium.
 44683 | Snake:4  | Found a shimmering altar of Xom.
 45387 | Swamp:1  | Entered Level 1 of the Swamp
 45750 | Swamp:1  | Reached skill level 23 in Earth Magic
 46381 | Swamp:1  | Got an ichor-stained falchion
 46447 | Swamp:1  | Identified the +9 falchion of Drought {flame, -Tele rF+ Str+3} (You found it on level 1 of the Swamp)
 46621 | Swamp:2  | Noticed Roxanne
 46699 | Swamp:2  | what
 46700 | Swamp:2  | why does that not respect exclusions
 46712 | Swamp:2  | Killed Roxanne
 47810 | Swamp:3  | Reached skill level 21 in Spellcasting
 47927 | Swamp:3  | Learned a level 9 spell: Shatter
 48378 | Swamp:3  | Reached XP level 19. HP: 112/112 MP: 40/46
 48894 | Swamp:4  | Entered Level 4 of the Swamp
 48894 | Swamp:4  | Noticed Mara
 48982 | Swamp:4  | Killed Mara
 49292 | Swamp:3  | Reached skill level 22 in Spellcasting
 49381 | Swamp:3  | Learned a level 2 spell: Swiftness
 49428 | Swamp:4  | Reached skill level 1 in Evocations
 49555 | Swamp:4  | Reached skill level 2 in Evocations
 49791 | Swamp:3  | Reached skill level 3 in Evocations
 50087 | Swamp:4  | Reached skill level 4 in Evocations
 50178 | Swamp:4  | Reached skill level 5 in Evocations
 50181 | Swamp:4  | Noticed Jorgrun
 50189 | Swamp:4  | Killed Jorgrun
 50190 | Swamp:4  | jesus that animation is obnoxious
 50317 | Swamp:4  | Reached skill level 6 in Evocations
 50504 | Swamp:4  | Reached skill level 7 in Evocations
 50708 | Swamp:4  | Got a decaying rune of Zot
 51866 | Orc:2    | Bought a book of Enchantments for 650 gold pieces
 51960 | Vaults:1 | Entered Level 1 of the Vaults
 51961 | Vaults:1 | Reached skill level 2 in Charms
 51962 | Vaults:1 | Reached skill level 3 in Charms
 51962 | Vaults:1 | Reached skill level 4 in Charms
 52000 | Vaults:1 | Reached skill level 5 in Charms
 52199 | Vaults:1 | Reached skill level 6 in Charms
 52359 | Vaults:1 | Reached skill level 7 in Charms
 52522 | Vaults:1 | Reached skill level 8 in Charms
 52652 | Vaults:1 | Reached skill level 9 in Charms
 52764 | Vaults:1 | Reached skill level 10 in Charms
 53005 | Vaults:1 | Reached skill level 11 in Charms
 53018 | Vaults:1 | Reached XP level 20. HP: 87/118 MP: 5/48
 54597 | Vaults:2 | Reached skill level 23 in Spellcasting
 54845 | Vaults:2 | Learned a level 6 spell: Haste
 55752 | Vaults:2 | Reached skill level 24 in Spellcasting
 55910 | Vaults:2 | Got an ichor-stained leather armour
 55911 | Vaults:2 | Identified the +3 leather armour "Jasku" {rC+} (You found it on level 2 of the Vaults)
 56939 | Vaults:3 | Learned a level 6 spell: Deflect Missiles
 56952 | Vaults:3 | Identified the Collected Works on the Boosting Traveller
 57024 | Vaults:3 | Found Lieqim's Gadget Shop.
 57097 | Vaults:3 | Reached skill level 25 in Spellcasting
 57686 | Vaults:3 | Reached XP level 21. HP: 106/123 MP: 48/52
 57753 | Vaults:3 | Found a staircase to the Crypt.
 58117 | Vaults:3 | Reached skill level 26 in Spellcasting
 58956 | Vaults:4 | Paralysed by a great orb of eyes for 5 turns
 58961 | Vaults:4 | oh
 58970 | Vaults:4 | Reached skill level 24 in Earth Magic
 59575 | Vaults:4 | Gained mutation: You are partially covered in iridescent scales (AC +4). [potion of beneficial mutation]
 60047 | Vaults:5 | Entered Level 5 of the Vaults
 60061 | Vaults:5 | Reached skill level 25 in Earth Magic
 60064 | Vaults:5 | Noticed an ancient lich
 60065 | Vaults:5 | Killed an ancient lich
 60068 | Vaults:5 | Noticed an ancient lich
 60069 | Vaults:5 | Killed an ancient lich
 60069 | Vaults:5 | Reached XP level 22. HP: 128/128 MP: 18/54
 60204 | Vaults:5 | Reached skill level 26 in Earth Magic
 60629 | Vaults:5 | Noticed an ancient lich
 60632 | Vaults:5 | Killed an ancient lich
 60804 | Vaults:5 | Reached skill level 27 in Earth Magic
 61783 | Vaults:5 | Got an ancient rapier {flame}
 61788 | Vaults:5 | Identified the cursed +0 rapier of Arrival {flame, Int+4 Dex+3} (You took it off a yaktaur on level 5 of the Vaults)
 61802 | Vaults:5 | Got a glittering brass ring
 61803 | Vaults:5 | Identified the ring of Werphetu {rC+ Dex+2 Stlth-} (You took it off an ironbrand convoker on level 5 of the Vaults)
 62000 | Vaults:5 | Got a translucent amethyst amulet
 62001 | Vaults:5 | Identified the amulet "Zidakhlou" {Faith Str+3 Dex+4} (You found it on level 5 of the Vaults)
 62252 | Vaults:5 | Got a heavily runed scale mail
 62257 | Vaults:5 | Identified the +6 scale mail of Nass {rF+ rC+} (You found it on level 5 of the Vaults)
 62286 | Vaults:5 | Got a bloodstained dagger {holy}
 62288 | Vaults:5 | Identified the +1 dagger "Repo" {holy, rC+ Str-3 Dex+7} (You took it off a deep elf archer on level 5 of the Vaults)
 62295 | Vaults:5 | Got a bloodstained shield
 62306 | Vaults:5 | Identified the +5 shield of Fortitude {rElec rC+ Str+5 Int-4} (You acquired it on level 5 of the Vaults)
 62472 | Vaults:5 | Got a silver rune of Zot
 62821 | Vaults:5 | Got a heavily runed iron amulet
 62866 | Vaults:5 | Identified the amulet "Guum" {Spirit MP+9 Str+2 Stlth+} (You found it on level 5 of the Vaults)
 63089 | Crypt:1  | Entered Level 1 of the Crypt
 63135 | Crypt:1  | Reached skill level 27 in Spellcasting
 63261 | Crypt:1  | Reached XP level 23. HP: 132/132 MP: 43/56
 63299 | Crypt:1  | Reached skill level 17 in Dodging
 63680 | Crypt:1  | Reached skill level 18 in Dodging
 64093 | Crypt:2  | Reached skill level 19 in Dodging
 64425 | Crypt:2  | Reached skill level 20 in Dodging
 64725 | Crypt:3  | Entered Level 3 of the Crypt
 64893 | Crypt:3  | Reached skill level 21 in Dodging
 65110 | Crypt:3  | Reached skill level 1 in Staves
 65166 | Crypt:3  | Reached skill level 2 in Staves
 65216 | Crypt:3  | Reached skill level 3 in Staves
 65240 | Crypt:3  | Noticed Boris
 65243 | Crypt:3  | Killed Boris
 65243 | Crypt:3  | Reached skill level 4 in Staves
 65243 | Crypt:3  | Found a basalt altar of Yredelemnul.
 65281 | Crypt:3  | Reached skill level 5 in Staves
 65366 | Crypt:3  | Noticed an ancient lich
 65367 | Crypt:3  | Killed an ancient lich
 65367 | Crypt:3  | Reached skill level 6 in Staves
 65426 | Crypt:3  | Reached skill level 7 in Staves
 65438 | Crypt:3  | Got a fine great mace {freeze}
 65735 | Crypt:3  | Got a spiked helmet
 65741 | Crypt:3  | Identified the +0 helmet of Plog {rPois rN+ MR-} (You found it on level 3 of the Crypt)
 65834 | Crypt:3  | Found a staircase to the Tomb.
 65846 | Crypt:3  | Got a transparent hand crossbow
 65854 | Crypt:3  | Identified the +9 hand crossbow of Prescription {elec, +Inv rPois Str+4 Int-5} (You found it on level 3 of the Crypt)
 66426 | Elf:1    | Entered Level 1 of the Elven Halls
 66428 | Elf:1    | Reached XP level 24. HP: 138/138 MP: 48/56
 66428 | Elf:1    | Reached skill level 8 in Staves
 66844 | Elf:1    | Reached skill level 9 in Staves
 67127 | Elf:2    | Reached skill level 10 in Staves
 67496 | Elf:2    | Reached skill level 11 in Staves
 67640 | Elf:2    | Found a runed gate.
 67640 | Elf:2    | Found a runed gate.
 67640 | Elf:2    | Found a runed gate.
 67963 | Elf:2    | Reached skill level 12 in Staves
 67978 | Elf:2    | Noticed Wiglaf
 67981 | Elf:2    | Killed Wiglaf
 68326 | Elf:2    | Reached skill level 11 in Fighting
 68510 | Elf:3    | Entered Level 3 of the Elven Halls
 68587 | Elf:3    | Found a magical portal.
 68608 | WizLab   | Entered Wucad Mu's Monastery
 68722 | WizLab   | Reached skill level 8 in Conjurations
 68722 | WizLab   | Reached XP level 25. HP: 145/145 MP: 56/56
 68737 | WizLab   | Gained mutation: You are resistant to hostile enchantments. [potion of beneficial mutation]
 69042 | Elf:3    | Found a radiant altar of Vehumet.
 69384 | Elf:3    | Reached skill level 12 in Fighting
 69416 | Elf:3    | Reached skill level 13 in Fighting
 69454 | Elf:3    | Got a fine crystal amulet
 69455 | Elf:3    | Identified the amulet "Nethriegh" {Reflect rF+ SH+3} (You took it off a deep elf archer on level 3 of the Elven Halls)
 69498 | Elf:3    | Identified a +4 rod of shadows (10/10) {!a} (You found it on level 3 of the Elven Halls)
 69512 | Elf:3    | Identified a +3 lightning rod (14/14) {!a} (You found it on level 3 of the Elven Halls)
 69641 | Elf:3    | Identified Asmodeus's Reference Book on Attacks (You found it on level 3 of the Elven Halls)
 69648 | Elf:3    | Identified the Reference Book on Clay
 70094 | Depths:1 | Entered Level 1 of the Depths
 70131 | Depths:1 | Noticed Asterion
 70133 | Depths:1 | Killed Asterion
 70133 | Depths:1 | Reached XP level 26. HP: 154/156 MP: 33/56
 70261 | Depths:1 | Found a one-way gate leading to the halls of Pandemonium.
 70633 | Depths:1 | Found a gateway to Hell.
 70730 | Depths:1 | Reached skill level 14 in Fighting
 70964 | Depths:2 | Reached skill level 15 in Fighting
 71245 | Depths:2 | Got a crude ring mail
 71260 | Depths:2 | Identified the cursed +0 ring mail of the Castellan {rPois rN++} (You found it on level 2 of the Depths)
 71315 | Depths:2 | Reached skill level 16 in Fighting
 71591 | Depths:2 | Got an ichor-stained spear {drain}
 71595 | Depths:2 | Got a smoking iron ring
 71596 | Depths:2 | Identified the ring "Xuyschota" {+Fly rPois rF+} (You took it off a vampire mage on level 2 of the Depths)
 71798 | Depths:2 | Got a faintly glowing lajatang
 71799 | Depths:2 | Identified the +4 lajatang "Killer Bee's Death" {flame, -Tele rPois MP+9 Int+8} (You found it on level 2 of the Depths)
 72005 | Depths:2 | Identified the Volume of the Dragonfly (You found it on level 2 of the Depths)
 72008 | Depths:2 | XOM: swap monsters
 72072 | Depths:2 | Got a crude copper ring
 72077 | Depths:2 | Identified the ring "Akoiku" {MP+9 Dex+6} (You took it off a vampire mage on level 2 of the Depths)
 72230 | Depths:3 | Reached skill level 17 in Fighting
 72817 | Depths:3 | Noticed Sojobo
 72821 | Depths:3 | Killed Sojobo
 72841 | Depths:3 | Noticed Boris
 72844 | Depths:3 | Killed Boris
 72844 | Depths:3 | Reached XP level 27. HP: 172/172 MP: 35/56
 73187 | Depths:3 | Reached skill level 18 in Fighting
 73280 | Depths:3 | oh
 73280 | Depths:3 | that's new
 73579 | Depths:3 | Identified the Tome of Beguiling
 73583 | Depths:3 | Identified a +4 rod of shadows (12/12) {!a} (You found it on level 3 of the Depths)
 73978 | Depths:4 | Reached skill level 19 in Fighting
 74472 | Depths:4 | Found a one-way gate to the infinite horrors of the Abyss.
 74488 | Depths:4 | Found a gateway to a ziggurat.
 75099 | Depths:5 | Entered Level 5 of the Depths
 75191 | Depths:5 | Reached skill level 20 in Fighting
 75551 | Depths:5 | Found a gate to the Realm of Zot.
 75924 | Depths:5 | Found a portal to a secret trove of treasure.
 76707 | Tomb:1   | Entered Level 1 of the Tomb of the Ancients
 76772 | Tomb:1   | Noticed Mennas
 76792 | Tomb:1   | Killed Mennas
 76853 | Tomb:1   | Reached skill level 21 in Fighting
 77172 | Tomb:1   | Noticed a greater mummy
 77180 | Tomb:1   | Killed a greater mummy
 77255 | Tomb:1   | Noticed a greater mummy
 77259 | Tomb:1   | Killed a greater mummy
 77262 | Tomb:1   | Noticed a greater mummy
 77267 | Tomb:1   | Killed a greater mummy
 77612 | Tomb:1   | Noticed a greater mummy
 77617 | Tomb:1   | Killed a greater mummy
 77731 | Tomb:1   | Noticed a greater mummy
 77745 | Tomb:1   | Killed a greater mummy
 77774 | Tomb:1   | Noticed a greater mummy
 77788 | Tomb:1   | Killed a greater mummy
 78433 | Tomb:1   | Noticed a greater mummy
 78436 | Tomb:1   | Killed a greater mummy
 78436 | Tomb:1   | Reached skill level 22 in Fighting
 78581 | Tomb:1   | might as well at this point
 78588 | Tomb:1   | Learned a level 6 spell: Statue Form
 78588 | Tomb:1   | ugh
 78720 | Tomb:1   | Noticed a greater mummy
 78723 | Tomb:1   | Killed a greater mummy
 78812 | Tomb:1   | Noticed a greater mummy
 78816 | Tomb:1   | Killed a greater mummy
 78935 | Tomb:1   | Noticed a greater mummy
 78937 | Tomb:1   | Killed a greater mummy
 78981 | Tomb:1   | Noticed a greater mummy
 78983 | Tomb:1   | Killed a greater mummy
 78991 | Tomb:1   | Noticed a greater mummy
 79001 | Tomb:1   | Killed a greater mummy
 79262 | Tomb:1   | Noticed a greater mummy
 79265 | Tomb:1   | Killed a greater mummy
 79339 | Tomb:1   | this is such a bad idea lol
 79344 | Tomb:2   | Noticed a greater mummy
 79347 | Tomb:2   | Killed a greater mummy
 79445 | Tomb:2   | Noticed a greater mummy
 79447 | Tomb:2   | Killed a greater mummy
 79463 | Tomb:2   | Noticed a greater mummy
 79466 | Tomb:2   | Killed a greater mummy
 79466 | Tomb:2   | Reached skill level 23 in Fighting
 79572 | Tomb:2   | Noticed a greater mummy
 79575 | Tomb:2   | Killed a greater mummy
 79797 | Tomb:2   | Got a transparent ring mail
 79798 | Tomb:2   | Identified the cursed +0 ring mail "Hymial" {Slay+2 Stlth+} (You found it on level 2 of the Tomb of the Ancients)
 80251 | Tomb:3   | Entered Level 3 of the Tomb of the Ancients
 80275 | Tomb:3   | Noticed a greater mummy
 80277 | Tomb:3   | Noticed a greater mummy
 80277 | Tomb:3   | Killed a greater mummy
 80279 | Tomb:3   | Noticed a greater mummy
 80279 | Tomb:3   | Noticed an ancient lich
 80449 | Tomb:2   | this is such a dumb plan lol
 80452 | Tomb:3   | Killed an ancient lich
 80453 | Tomb:3   | Killed a greater mummy
 80453 | Tomb:3   | Killed a greater mummy
 80730 | Tomb:3   | Noticed a greater mummy
 80731 | Tomb:3   | Noticed a greater mummy
 80768 | Tomb:3   | Killed a greater mummy
 80770 | Tomb:3   | Killed a greater mummy
 80770 | Tomb:3   | Reached skill level 24 in Fighting
 80880 | Tomb:3   | Noticed a greater mummy
 80901 | Tomb:3   | Killed a greater mummy
 81143 | Tomb:3   | Identified a +2 rod of ignition (13/13) {!a} (You found it on level 3 of the Tomb of the Ancients)
 81178 | Tomb:3   | Identified the Compendium of Cold and Battle Magic (You found it on level 3 of the Tomb of the Ancients)
 81185 | Tomb:3   | Got a dazzling falchion
 81209 | Tomb:3   | Learned a level 6 spell: Freezing Cloud
 81285 | Tomb:3   | Got a dazzling lajatang
 81293 | Tomb:3   | Identified the cursed +3 lajatang of Currency {slice, Int+4} (You found it on level 3 of the Tomb of the Ancients)
 81297 | Tomb:3   | Noticed a greater mummy
 81301 | Tomb:3   | Killed a greater mummy
 81723 | Tomb:3   | Noticed a greater mummy
 81726 | Tomb:3   | Killed a greater mummy
 81894 | Tomb:3   | Got a golden rune of Zot
 82412 | D:12     | Bought a potion of heal wounds for 80 gold pieces
 82412 | D:12     | Bought a potion of heal wounds for 80 gold pieces
 82587 | Snake:2  | Bought a potion of heal wounds for 85 gold pieces
 82946 | Depths:5 | You paid a toll of 12 potions of heal wounds to enter a treasure trove
 82947 | Trove    | Entered a treasure trove
 82954 | Trove    | Got a slimy marble ring
 82958 | Trove    | Got a faintly glowing ruby amulet
 82960 | Trove    | Got a steaming wooden ring
 82964 | Trove    | Got a steaming iron ring
 82968 | Trove    | Got a translucent amethyst amulet
 82970 | Trove    | Got a shimmering amethyst amulet
 82972 | Trove    | Got a bound bronze ring
 82974 | Trove    | Got a flickering platinum ring
 82993 | Depths:5 | Identified the ring "Negimm" {Int+2 Slay+3} (You found it in a treasure trove)
 82996 | Depths:5 | Identified the ring of the Frog {Fire rPois Str+2 Dex+3} (You found it in a treasure trove)
 82999 | Depths:5 | Identified the ring of Rofihucy {+Fly rElec Dex+2} (You found it in a treasure trove)
 83002 | Depths:5 | Identified the ring of the Ten Curses {rN+ AC+3 Dex+4 Slay+4} (You found it in a treasure trove)
 83005 | Depths:5 | Lost strength.
 83005 | Depths:5 | Identified the amulet "Qurchob" {Gourm rN+ Str-4 Int+6} (You found it in a treasure trove)
 83010 | Depths:5 | Identified the amulet of Rolosir {Gourm Slay+5 SInv} (You found it in a treasure trove)
 83012 | Depths:5 | Identified the amulet "Dophi" {Regen+ Str+5 Int-5 Dex+4} (You found it in a treasure trove)
 83026 | Depths:5 | Identified the ring of Lies {+Blink rN+ MR+ Int-2 Dex+2} (You found it in a treasure trove)
 83609 | Slime:1  | Entered Level 1 of the Pits of Slime
 84862 | Slime:4  | Noticed Dissolution
 84868 | Slime:4  | Killed Dissolution
 84868 | Slime:4  | Reached skill level 25 in Fighting
 84887 | Slime:4  | Gained mutation: You are weak. (Str -2) [a shining eye]
 84890 | Slime:4  | Gained mutation: You tend to lose your temper in combat. [a shining eye]
 86302 | Slime:6  | Entered Level 6 of the Pits of Slime
 86905 | Slime:6  | Noticed the Royal Jelly
 87494 | Slime:6  | Found a viscous altar of Jiyva.
 87611 | Slime:6  | Killed the Royal Jelly
 87611 | Slime:6  | Reached skill level 26 in Fighting
 88320 | Slime:6  | Got a distressingly furry helmet
 88331 | Slime:6  | Identified the cursed -2 helmet of Focus {+Inv MR++ Regen+ Slay-6} (You found it on level 6 of the Pits of Slime)
 88356 | Slime:6  | Learned a level 1 spell: Summon Butterflies
 88358 | Slime:6  | Got a translucent lead amulet
 88360 | Slime:6  | Identified the amulet of Seir {+Rage SInv} (You found it on level 6 of the Pits of Slime)
 88435 | Slime:6  | Got a faintly humming hat
 88446 | Slime:6  | Identified the +1 hat of Jeklakan {rPois Int+4} (You acquired it on level 6 of the Pits of Slime)
 88501 | Slime:6  | Lost mutation: You are weak. (Str -2) [potion of cure mutation]
 88501 | Slime:6  | Lost mutation: Your flesh is heat resistant. [potion of cure mutation]
 88501 | Slime:6  | Lost mutation: You tend to lose your temper in combat. [potion of cure mutation]
 88501 | Slime:6  | Lost mutation: You are resistant to hostile enchantments. [potion of cure mutation]
 88603 | Slime:6  | Got a slimy rune of Zot
 88694 | Slime:5  | Gained mutation: Armour fits poorly on your strangely shaped body. [a shining eye]
 89042 | Snake:2  | Bought a potion of mutation for 42 gold pieces
 89048 | Snake:2  | Gained mutation: You are frail (-10% HP). [potion of mutation]
 89048 | Snake:2  | Lost mutation: Armour fits poorly on your strangely shaped body. [potion of mutation]
 89048 | Snake:2  | Gained mutation: You are somewhat resistant to further mutation. [potion of mutation]
 89254 | D:10     | Gained mutation: You are very frail (-20% HP). [potion of mutation]
 89332 | Vaults:1 | Lost mutation: You are somewhat resistant to further mutation. [potion of cure mutation]
 89332 | Vaults:1 | Lost mutation: You are very frail (-20% HP). [potion of cure mutation]
 89332 | Vaults:1 | Lost mutation: You are frail (-10% HP). [potion of cure mutation]
 89332 | Vaults:1 | Lost mutation: You are partially covered in iridescent scales (AC +4). [potion of cure mutation]
 89520 | Vaults:4 | Gained mutation: You are partially covered in yellow scales (AC +2). [potion of mutation]
 89520 | Vaults:4 | Gained mutation: You are partially covered in rough black scales (AC +4, Dex -1). [potion of mutation]
 89520 | Vaults:4 | Gained mutation: You can translocate small distances at will. [potion of mutation]
 89925 | Depths:5 | Noticed a juggernaut
 89927 | Depths:5 | Killed a juggernaut
 89973 | Zot:1    | Entered Level 1 of the Realm of Zot
 90747 | Zot:1    | Got a brightly glowing plate armour
 91005 | Zot:2    | Reached skill level 27 in Fighting
 91055 | Zot:2    | Reached skill level 9 in Conjurations
 91061 | Zot:2    | Reached skill level 10 in Conjurations
 91082 | Zot:2    | Reached skill level 11 in Conjurations
 91571 | Zot:2    | Reached skill level 12 in Conjurations
 91820 | Zot:2    | Reached skill level 13 in Conjurations
 91910 | Zot:2    | Reached skill level 14 in Conjurations
 91974 | Zot:2    | Reached skill level 15 in Conjurations
 92380 | Zot:2    | Reached skill level 16 in Conjurations
 92746 | Zot:3    | Reached skill level 17 in Conjurations
 92790 | Zot:3    | Got a faintly glowing lajatang
 92804 | Zot:3    | Identified the +6 lajatang of the Lonely Lies {vamp, rPois rF++ MR+ Int+3} (You found it on level 3 of the Realm of Zot)
 93592 | Zot:4    | Reached skill level 18 in Conjurations
 94051 | Zot:4    | Reached skill level 19 in Conjurations
 94494 | Zot:5    | Entered Level 5 of the Realm of Zot
 94866 | Zot:5    | Noticed an ancient lich
 94869 | Zot:5    | Killed an ancient lich
 95007 | Zot:5    | Reached skill level 20 in Conjurations
 95008 | Zot:5    | Noticed an ancient lich
 95008 | Zot:5    | Killed an ancient lich
 95116 | Zot:5    | Noticed an orb of fire
 95130 | Zot:5    | Killed an orb of fire
 95255 | Zot:5    | Noticed an ancient lich
 95255 | Zot:5    | Killed an ancient lich
 95255 | Zot:5    | Reached skill level 21 in Conjurations
 95604 | Zot:5    | Noticed an ancient lich
 95616 | Zot:5    | Killed an ancient lich
 96764 | Zot:5    | Noticed an orb of fire
 96765 | Zot:5    | Reached skill level 22 in Conjurations
 96769 | Zot:5    | Killed an orb of fire
 97029 | Zot:5    | Noticed an orb of fire
 97060 | Zot:5    | Killed an orb of fire
 97060 | Zot:5    | Reached skill level 23 in Conjurations
 97290 | Zot:5    | Noticed an orb of fire
 97292 | Zot:5    | Killed an orb of fire
 97292 | Zot:5    | Reached skill level 24 in Conjurations
 97420 | Zot:5    | Got the Orb of Zot
 97544 | Depths:4 | Gained mutation: Armour fits poorly on your strangely shaped body. [mutagenic glow]
 97607 | Depths:2 | Gained mutation: You are mostly covered in yellow scales (AC +3). [mutagenic glow]
 97676 | D:12     | Gained mutation: Your body sometimes deteriorates upon taking damage. [mutagenic glow]
 97743 | D:7      | Gained mutation: You are dopey. (Int -2) [mutagenic glow]
 97802 | D:5      | Lost mutation: You are dopey. (Int -2) [mutagenic glow]
 97839 | D:4      | Gained mutation: Your magical capacity is low (-10% MP). [mutagenic glow]
 97885 | D:$      | Escaped with the Orb!

Vault maps used:
D:1:      minmay_arrival_stone_box
D:2:      nicolae_overflow_crystal_walls, first_bread, uniq_crazy_yiuf_cottage
D:3:      lemuel_round_altar, grunt_pakellas_basics
D:4:      nemelex_deck, minmay_temple_entry_glass, serial_shops,
          nicolae_shop_statue_plus
D:5:      grunt_dithmenos_smoke
D:6:      serial_shops, nicolae_shop_window_shopping, bh_walls_and_bars,
          uniq_eustachio
D:7:      basic_altar, the_bakery, kennysheep_flooded_box, uniq_duvessa
D:8:      enter_bailey_3, roderic_lattice_a, dk_yredelemnul_ordeal, uniq_erolcha
D:9:      cheibriados_altar_1, nicolae_overflow_hidden_temple
D:10:     serial_shops, shop_fountains, lightli_elemental_guards
D:11:     lair_0_dummy, orc_0_dummy
D:12:     minmay_outward_triangles, serial_shops, shop,
          lightli_fourway_metalbox, uniq_rupert
D:13:     serial_shops, shop, eino_jars, grunt_ministairs_15, uniq_maud,
          uniq_nessos
D:14:     elyvilon_altar_5, serial_shops, kennysheep_mini, kennysheep_kite_vault
D:15:     gammafunk_depths_entry_grave, minivault_19
Temple:   triangle_lava_temple_12
Lair:1:   grunt_megastairs_4, uniq_nergalle
Lair:2:   beast_lair_carwin_1, uniq_harold
Lair:3:   swamp_mist_pool
Lair:4:   minmay_snake_entry_six_corridors, infiniplex_staircase_pool_2
Lair:6:   lab_entry_generic, eino_small_chamber_without_monster,
          bh_autumn_forest_stairs
Lair:7:   dpeg_oklob_shooting_range, minmay_slime_entry_oklob_enclosed,
          grunt_megastairs_3, serial_bayou_shore_b
Lair:8:   grunt_lair_end_beastmaster, special_room
Swamp:1:  evilmike_swamp_ruin_house_2, swamp_pool2
Swamp:2:  serial_swamp_ruin, evilmike_swamp_ruin_rubble_1,
          evilmike_swamp_ruin_house_4, evilmike_swamp_ruin_rubble_2,
          roderic_carrion_pond, uniq_roxanne
Swamp:3:  evilmike_swamp_ruin_house_5
Swamp:4:  swamp_alternative, uniq_mara, uniq_jorgrun
Snake:2:  serial_shops, nicolae_shop_behind_doors
Snake:3:  serial_shops, shop_fountains, basic_altar, nicolae_snake_double_loop
Snake:4:  grunt_snake_rune_pools, basic_altar, st_stairs_1
Slime:4:  nicolae_slime_barrier, cheibrodos_slime_lost_civilization_4,
          uniq_dissolution
Orc:1:    bh_open_orc_temple, uniq_fannar
Orc:2:    grunt_orc_cross
Elf:1:    eino_elf_arrival_sip, hangedman_elf_disciples
Elf:2:    minmay_misc_feat_alley, serial_sigils_hangedman_writhe,
          onia_ninara_cookie, uniq_wiglaf
Elf:3:    minmay_elf_hall_dome, basic_altar, infiniplex_enter_wizlab_spiral
Vaults:1: nicolae_vaults_twisting_passages, v_misc_1, v_misc_24,
          nicolae_vaults_theta, ontoclasm_vaults_ring_large,
          vaults_room_ringed_pool, ontoclasm_vaults_hangar,
          hangedman_vaults_corner, ontoclasm_vaults_ring_square, v_rooms_6,
          nicolae_vaults_yaktaur_gun_rack, vaults_mumra_hexcomb
Vaults:2: st_lattice, v_alt_pattern_2, vaults_room_fours,
          vaults_room_stairs_pillars, v_misc_24, vaults_dpeg_hooks,
          hangedman_vaults_slice, nicolae_vaults_diagonal_hallway_9, v_misc_9
Vaults:3: nicolae_vaults_little_squares_3, nicolae_vaults_theta,
          grunt_vaults_hallway_short, vaults_room_mumra_shop_pool,
          nicolae_vaults_hallways_thing, hangedman_vaults_nodes,
          hangedman_vaults_pinch, minmay_crypt_entry_simple_statues, v_misc_26,
          ontoclasm_vaults_idyll, vaults_mumra_minichess, st_check
Vaults:4: nicolae_vaults_puzzle_piece, nicolae_vaults_alarming,
          nicolae_vaults_asterisk, nicolae_vaults_gold_heap,
          nicolae_vaults_windows_and_doors_thing, v_misc_2, vaults_room_fours,
          vaults_dpeg_diagonal
Crypt:1:  nicolae_crypt_little_mausoleum
Crypt:2:  minigarden_bobbens
Crypt:3:  cryptofortress_bobbens, uniq_boris
Tomb:1:   uniq_mennas
Depths:1: lightli_too_deep, pan_entry, dispersion_dpeg, serial_bayou_shore_a,
          uniq_asterion
Depths:2: hangedman_pleasuredromes, hell_entry, uniq_saint_roka
Depths:3: evilmike_wizard_prison, dk_noncrumbling_3, grunt_hell_entry_dis_mu,
          pan_entry, grunt_megastairs_1, infiniplex_staircase_squiggle,
          uniq_boris, uniq_sojobo
Depths:4: minmay_blocking_statues, enter_ziggurat_c, abyss_entry,
          hangedman_geh_valley, kennysheep_generic_room_10
Depths:5: grunt_zot_entry_bicorn, enter_trove_6, rand_demon_pan_entry_8,
          hell_entry, serial_bayou_shore_b
Zot:1:    hangedman_zot_gyre
Zot:2:    minmay_elemental_castle, zot_minivault_4
Zot:4:    grunt_ministairs_5
Zot:5:    st_stairs_6
Lab:      labyrinth_hidden_loot, nicolae_lab_quarters,
          nicolae_lab_very_dead_end, nicolae_lab_big_swirl
Trove:    trove_jewel_2
Bailey:   bailey_axe_minmay_hex_keep, bailey
WizLab:   wizlab_wucad

Action                   |  1- 3 |  4- 6 |  7- 9 | 10-12 | 13-15 | 16-18 | 19-21 | 22-24 | 25-27 || total
-------------------------+-------+-------+-------+-------+-------+-------+-------+-------+-------++-------
Melee: Quarterstaff      |       |       |     4 |    13 |       |       |       |       |       ||    17
       Staff             |       |       |       |       |    25 |    86 |     5 |    27 |   234 ||   377
 Cast: Sandblast         |    64 |    70 |   133 |   109 |   251 |    31 |     4 |       |       ||   662
       Stoneskin         |     1 |       |       |       |     7 |     4 |     4 |     9 |    22 ||    47
       Stone Arrow       |       |    19 |    34 |    55 |   214 |   144 |    27 |     4 |       ||   497
       Lee's Rapid Decon |       |       |    32 |    91 |   242 |   350 |   144 |   233 |   242 ||  1334
       Iskenderun's Myst |       |       |     4 |     1 |     2 |       |     4 |     9 |    25 ||    45
       Petrify           |       |       |       |     5 |     1 |       |       |       |       ||     6
       Corpse Rot        |       |       |       |     2 |       |       |       |       |       ||     2
       Iron Shot         |       |       |       |     9 |   150 |   271 |   296 |   170 |   665 ||  1561
       Sticky Flame      |       |       |       |     2 |    16 |     2 |       |       |       ||    20
       Iskenderun's Batt |       |       |       |       |     2 |     1 |       |       |       ||     3
       Regeneration      |       |       |       |       |     3 |    19 |    12 |     1 |    61 ||    96
       Repel Missiles    |       |       |       |       |       |     1 |     2 |       |       ||     3
       Sublimation of Bl |       |       |       |       |       |    12 |       |       |    15 ||    27
       Blink             |       |       |       |       |       |     2 |       |     2 |     7 ||    11
       Shatter           |       |       |       |       |       |       |    58 |    73 |   389 ||   520
       Deflect Missiles  |       |       |       |       |       |       |     1 |       |     4 ||     5
       Haste             |       |       |       |       |       |       |     1 |     7 |    24 ||    32
       Lehudib's Crystal |       |       |       |       |       |       |       |       |    82 ||    82
       Statue Form       |       |       |       |       |       |       |       |       |     4 ||     4
       Swiftness         |       |       |       |       |       |       |       |       |     2 ||     2
       Apportation       |       |       |       |       |       |       |       |       |     2 ||     2
 Abil: End Transformatio |       |       |       |       |       |       |       |       |     2 ||     2
Evoke: Wand              |       |       |       |       |     2 |     7 |     4 |       |     6 ||    19
       Piece from Xom's  |       |       |       |       |       |       |       |       |     1 ||     1
  Use: Scroll            |       |     2 |     8 |    10 |    18 |    11 |     5 |    13 |    22 ||    89
       Potion            |       |       |     1 |     2 |     1 |       |     3 |     1 |    10 ||    18
 Stab: Distracted        |       |       |       |       |       |       |       |       |     1 ||     1
  Eat: Chunk             |     2 |    12 |    20 |    18 |    57 |    48 |    44 |    32 |   104 ||   337
       Royal jelly       |       |       |       |     1 |     1 |     1 |       |     2 |     3 ||     8
       Pizza             |       |       |       |       |     1 |     4 |       |       |     5 ||    10
       Beef jerky        |       |       |       |       |       |     5 |     6 |     3 |     3 ||    17
       Bread ration      |       |       |       |       |       |       |       |       |     5 ||     5
